 Dungeon Crawl Stone Soup version 0.31.0-9-g3a7656b989 (webtiles) character file.

Game seed: 13785068306917207687

339 KyoPewz the Ruffian (level 6, 0/47 HPs)
             Began as a Draconian Shapeshifter on Jan 25, 2024.
             Slain by a shadow (3 damage)
             ... on level 5 of the Dungeon.
             The game lasted 00:07:34 (3284 turns).

KyoPewz the Ruffian (Draconian Shapeshifter)        Turns: 3284, Time: 00:07:35

Health: 0/47       AC:  6    Str: 18    XL:     6   Next: 29%
Magic:  0/6        EV: 12    Int: 11    God:
Gold:   211        SH:  0    Dex: 10    Spells: 5/5 levels left

rFire   . . .        k - +2 mace (venom)
rCold   . . .        (no shield)
rNeg    . . .        (body armour unavailable)
rPois   .            (helmet currently unavailable)
rElec   .            (cloak currently unavailable)
rCorr   .            (gloves currently unavailable)
SInv    .            (boots currently unavailable)
Will    .....        l - amulet of guardian spirit
Stlth   +            o - ring of flight
HPRegen 0.27/turn    (no ring)
MPRegen 0.10/turn

%: guardian spirit
@: beast-form, flying
A: beast (slay +2), AC +6, unfitting armour, cold-blooded
a: Begin Untransformation


You were on level 5 of the Dungeon.
You were a hulking beast.
You visited 1 branch of the dungeon, and saw 5 of its levels.

You collected 211 gold pieces.

Inventory:

Hand Weapons
 d - a +0 dagger of flaming
 k - a +2 mace of venom (weapon)
Missiles
 e - 43 stones (quivered)
 p - 13 poisoned darts
Jewellery
 l - an amulet of guardian spirit (around neck)
 o - a ring of flight (left hand)
Talismans
 b - a beast talisman
 c - a flux talisman
Wands
 j - a wand of polymorph (8)
Scrolls
 f - 5 scrolls of identify {unknown}
 h - a scroll of fog {unknown}
 q - a scroll of noise {unknown}
 r - a scroll of vulnerability {unknown}
 s - a scroll of amnesia {unknown}
Potions
 a - 2 potions of lignification
 g - a potion of magic {unknown}
 i - 4 potions of enlightenment {unknown}
 m - a potion of mutation {unknown}
 n - a potion of heal wounds {unknown}
 t - a potion of curing {unknown}


   Skills:
 - Level 1.1 Fighting
 - Level 1.7 Dodging
 + Level 5.4 Unarmed Combat
 + Level 5.1 Shapeshifting


You had 5 spell levels left.
You didn't know any spells.
Your spell library contained the following spells:

 Spells                   Type           Power      Damage    Failure   Level
 Apportation              Tloc           0%         N/A       34%         1
 Shock                    Conj/Air       0%         1d3       34%         1
 Jinxbite                 Hex            0%         N/A       47%         2
 Swiftness                Air            0%         N/A       71%         3
 Airstrike                Air            0%         2d(0-16)  98%         4
 Alistair's Intoxication  Alch           0%         N/A       100%        5


Dungeon Overview and Level Annotations

Branches:
Dungeon (5/15)
 Temple: D:4-7

Altars:
Qazlal
Sif Muna
Vehumet
Zin


Innate Abilities, Weirdness & Mutations

You are a hulking beast.
Your limbs bulge with bestial killing power. (Slay +2)
Your plain brown scales are hard. (AC +6)
You cannot fit into any form of body armour.
You are cold-blooded and may be slowed by cold attacks.


Message History

The shadow flickers and vanishes!
Deactivating autopickup; reactivate with Ctrl-A.
Found an escape hatch in the floor.
The shadow strikes at you from the darkness!
Reactivating autopickup.
You take 16 damage, and have 31/47 hp.
MASSIVE DAMAGE!!
You now have 4/6 mp.
You barely miss the shadow.
You tail-slap the shadow, but do no damage.
The shadow closely misses you.
You barely miss the shadow. The shadow misses you.
The shadow slips into darkness.
The shadow flickers and vanishes!
Deactivating autopickup; reactivate with Ctrl-A.
You closely miss something.
Your tail-slap misses something.
The shadow strikes at you from the darkness!
Ouch! That really hurt!
* * * LOW HITPOINT WARNING * * *
Reactivating autopickup.
You take 26 damage, and have 6/47 hp.
MASSIVE DAMAGE!!
You now have 0/6 mp.
You hit the shadow but do no damage.
Your tail-slap misses the shadow.
The shadow barely misses you.
You hit the shadow.
The shadow is lightly damaged.
The shadow completely misses you. The shadow misses you.
You hit the shadow.
The shadow is lightly damaged.
The shadow completely misses you.
You thump the shadow!
The shadow is heavily damaged.
The shadow hits you.
* * * LOW HITPOINT WARNING * * *
The shadow barely misses you.
You take 5 damage, and have 2/47 hp.
You hit the shadow.
Your tail-slap misses the shadow.
The shadow is heavily damaged.
The shadow barely misses you.
You hit the shadow.
The shadow is severely damaged.
The shadow hits you.
You die...

..... >. .... . ... .
####'# ####### #+## .# .
#..... #.....###..####.#
...##.....
#......#........#
..........
#......'........#
....sW.<..
#......#...hW...#
...#######
#......#...##$..# ..
###......#...# ...# .
####........#....#.....
#....##...########.......
..#####...# ....... ###
'########.+...............#
...
#...≈...#.#...............+
.... #._.≈._.#.# ........
.....# ....


You could see a shadow.

Vanquished Creatures
  An ogre (D:3)
  A bombardier beetle (D:4)
  2 hounds (D:4)
  A sleepcap (D:5)
  5 adders
  A ribbon worm (D:2)
  3 dart slugs
  6 orcs
  7 endoplasms
  3 giant cockroaches (D:1)
  6 hobgoblins
  16 jackals
  6 kobolds
  4 ball pythons
  A bat (D:1)
  4 frilled lizards
  4 goblins
  9 rats
80 creatures vanquished.

Notes
Turn   | Place    | Note
-------+----------+-------------------------------------------
     0 | D:1      | KyoPewz the Draconian Shapeshifter began the quest for the
                  | Orb.
     0 | D:1      | Reached XP level 1. HP: 16/16 MP: 1/1
   148 | D:1      | Reached XP level 2. HP: 23/23 MP: 2/2
   847 | D:2      | Reached XP level 3. HP: 28/28 MP: 3/3
  1648 | D:3      | Reached XP level 4. HP: 27/35 MP: 4/4
  1977 | D:3      | Noticed an ogre
  1989 | D:3      | Killed an ogre
  1990 | D:3      | Reached XP level 5. HP: 17/40 MP: 2/5
  2578 | D:4      | Reached skill level 5 in Unarmed Combat
  2649 | D:4      | Reached XP level 6. HP: 45/47 MP: 4/6
  2701 | D:4      | Reached skill level 5 in Shapeshifting
  2801 | D:4      | Found a glowing silver altar of Zin.
  2801 | D:4      | Found a radiant altar of Vehumet.
  3139 | D:5      | Entered Level 5 of the Dungeon
  3194 | D:5      | Noticed a shadow
  3244 | D:5      | Found a stormy altar of Qazlal.
  3244 | D:5      | Found a shimmering blue altar of Sif Muna.
  3282 | D:5      | HP: 2/47 [shadow (5)]
  3284 | D:5      | Slain by a shadow

Illustrated notes

Levels and vault maps discovered:
D:1:      wander_arrival_peaceful_grave, layout_loops_cross
D:2:      layout_loops_ring
D:3:      layout_basic, kennysheep_generic_room_2
D:4:      layout_loops_ring, gammafunk_temple_overflow_pools
D:5:      layout_gridville, mainiacjoe_overflow_divided_tiny, uniq_sigmund,
          uniq_blork_the_orc

Skill      XL: |  1  2  3  4  5  6 |
---------------+-------------------+-----
Unarmed Combat | 4 5 |  5.4
Shapeshifting  | 4 5 |  5.1
Fighting       | |  1.1
Dodging        | |  1.7

Action                     |  1- 3 |  4- 6 || total
---------------------------+-------+-------++-------
  Melee: Unarmed           |    14 |       ||    14
         Tailslap          |    21 |     8 ||    29
         Dagger            |   122 |    17 ||   139
         Punch             |     1 |     4 ||     5
         Mace              |       |    69 ||    69
   Stab: Sleeping          |     2 |       ||     2
 Armour: Skin              |    57 |    43 ||   100
  Dodge: Dodged            |    72 |    59 ||   131
